 Dungeon Crawl Stone Soup version 0.21-a0-630-g344d351 (webtiles) character file.

279275 theanonym the Tortoise (level 20, -2/139 HPs)
             Began as a Tengu Gladiator on Dec 26, 2017.
             Was the Champion of Okawaru.
             Killed from afar by a deep elf sorcerer (41 damage)
             ... with damnation
             ... on level 3 of the Elven Halls.
             The game lasted 02:19:08 (51561 turns).

theanonym the Tortoise (Tengu Gladiator)           Turns: 51561, Time: 02:19:08

Health: -2/139     AC: 32    Str: 37    XL:     20   Next: 44%
Magic:  0/35       EV: 21    Int:  8    God:    Okawaru [******]
Gold:   412        SH: 19    Dex: 24    Spells: 1/19 levels left

rFire    . . .     SeeInvis .   a - +9 quick blade (drain)
rCold    . . .     Gourm    .   k - +2 shield of the Great Game {MR+ Str+3 Stlth+}
rNeg     + + .     Faith    .   i - +1 crystal plate armour {god gift, 1823}
rPois    .         Spirit   +   S - +1 hat {MR+} {MR+}
rElec    .         Reflect  .   G - scarf {Spirit}
rCorr    .         Harm     .   U - +2 pair of gloves {Str+3}
MR       +++++     Clarity  +   (boots unavailable)
Stlth    ..........             P - amulet of the Four Winds {rN+ MR+++ Clar}
HPRegen  0.33/turn              R - ring "Laceuror" {rN+ Str+4 Dex+3}
MPRegen  0.24/turn              m - ring of Zaygy {MR+ MP+9 Str+6}

@: flying quickly and evasively, drained, quick
A: beak, talons 3, thin skeletal structure 1, MP-powered wands, able to fly 2
}: 2/15 runes: decaying, serpentine
a: Stop Flying, Heroism, Finesse, Renounce Religion


Innate Abilities, Weirdness & Mutations

You have a beak for a mouth.
You have claws for feet.
You can fly continuously.
You have a somewhat thin skeletal structure. (Dex +2, Stealth)
You expend magic power (3 MP) to strengthen your wands.


   Skills:
 + Level 19.3(19.0) Fighting
 - Level 14.1(13.9) Long Blades
 - Level 2.0(1.8) Throwing
 * Level 19.7(19.4) Armour
 - Level 12.4(12.2) Dodging
 - Level 15.0(14.7) Shields
 - Level 7.0(6.8) Invocations


You had one spell level left.
You knew the following spells:

 Your Spells              Type           Power        Failure   Level  Hunger
a - Spectral Weapon       Hex/Chrm       #.......     100%        3    ####...
b - Cause Fear            Hex            #.........   100%        4    #####..
g - Blink                 Tloc           N/A          99%         2    ###....
r - Regeneration          Chrm/Necr      #.........   100%        3    ####...
t - Deflect Missiles      Chrm/Air       #.........   100%        6    #######

Skill      XL: |  1  2  3  4  5  6  7  8  9 10 11 12 13 14 15 16 17 18 19 20 |
---------------+-------------------------------------------------------------+-----
Long Blades    | 4 5 6 7 8 13 14 | 14.1
Fighting       | 3 4 5 9 10 11 12 13 14 15 16 17 18 19 | 19.3
Armour         | 5 7 9 10 11 12 14 16 18 19 | 19.7
Dodging        | 6 8 9 10 11 12 | 12.4
Invocations    | 1 2 4 6 7 |  7.0
Shields        | 5 8 10 12 14 15 | 15.0
Throwing       | |  2.0

Action                   |  1- 3 |  4- 6 |  7- 9 | 10-12 | 13-15 | 16-18 | 19-21 || total
-------------------------+-------+-------+-------+-------+-------+-------+-------++-------
Melee: Long sword        |    64 |   160 |   108 |   137 |       |       |       ||   469
       Peck              |     7 |    29 |    34 |   170 |   437 |   541 |   341 ||  1559
       Kick              |     9 |    68 |    46 |   293 |   727 |   826 |   601 ||  2570
       Scimitar          |       |       |       |   461 |  1397 |   504 |    11 ||  2373
       Quick blade       |       |       |       |       |       |   925 |   992 ||  1917
 Fire: Hunting sling     |       |       |       |    15 |    15 |   164 |       ||   194
Throw: Throwing net      |       |     5 |     2 |     1 |     4 |     4 |     3 ||    19
Invok: Heroism           |       |       |       |    10 |    36 |    33 |     9 ||    88
       Finesse           |       |       |       |       |     2 |     3 |     1 ||     6
 Abil: Fly               |       |       |       |    15 |    21 |     1 |       ||    37
       Evoke Berserk Rag |       |       |       |     1 |    12 |     1 |       ||    14
       Stop Flying       |       |       |       |       |       |     1 |       ||     1
Evoke: Wand              |       |       |       |     3 |    11 |     6 |     1 ||    21
  Use: Scroll            |     4 |     6 |     4 |    18 |    10 |    11 |    10 ||    63
       Potion            |     3 |     6 |     4 |     2 |     4 |     6 |     2 ||    27
 Stab: Sleeping          |     1 |       |       |       |       |     7 |       ||     8
       Held in net/web   |       |     1 |       |       |     2 |     2 |     2 ||     7
       Invisible         |       |       |       |       |     2 |       |       ||     2
       Distracted        |       |       |       |       |       |     2 |       ||     2
  Eat: Chunk             |       |     9 |     6 |    17 |    20 |    11 |     4 ||    67
       Ration            |       |     1 |       |     5 |    14 |     9 |     4 ||    33
Armor: Leather armour    |    13 |     3 |       |       |       |       |       ||    16
       Skin              |    58 |       |       |       |    25 |       |       ||    83
       Ring mail         |       |    30 |       |       |       |       |       ||    30
       Scale mail        |       |     5 |    42 |    53 |       |       |       ||   100
       Plate armour      |       |       |       |   151 |   224 |    20 |       ||   395
       Swamp dragon scal |       |       |       |       |     5 |    61 |       ||    66
       Chain mail        |       |       |       |       |     1 |       |       ||     1
       Crystal plate arm |       |       |       |       |       |    76 |    67 ||   143
Dodge: Dodged            |    42 |   104 |    60 |   259 |   485 |   425 |   149 ||  1524
Block: Buckler           |       |       |       |    63 |       |       |       ||    63
       Shield            |       |       |       |    93 |   882 |   920 |   395 ||  2290
       Reflection        |       |       |       |       |       |   129 |    36 ||   165
       Rpst.: Long sword |    14 |    28 |    15 |    20 |       |       |       ||    77
       Scimitar          |       |       |       |    52 |   114 |    47 |       ||   213

Inventory:

Hand Weapons
 a - a +9 quick blade of draining (weapon)
   (You acquired it on level 2 of the Snake Pit)
 b - a +2 scimitar of holy wrath
   (You found it on level 1 of the Snake Pit)
Missiles
 I - 3 throwing nets (quivered)
Armour
 i - a +1 crystal plate armour (worn) {god gift, 1823}
   (Okawaru gifted it to you on level 3 of the Snake Pit)
 k - the +2 shield of the Great Game (worn) {MR+ Str+3 Stlth+}
   (You took it off a minotaur in a labyrinth)

   It affects your strength (+3).
   It affects your resistance to hostile enchantments.
   It makes you more stealthy.
 G - a scarf of spirit shield (worn)
   (You found it on level 4 of the Swamp)
 H - +3 storm dragon scales {Bai Suzhen}
   (You found it on level 3 of the Swamp)
 S - a +1 hat of magic resistance (worn) {MR+}
   (You found it in an ice cave)
 U - a +2 pair of gloves of strength (worn)
   (You bought it in a shop on level 2 of the Orcish Mines)
Jewellery
 m - the ring of Zaygy (right hand) {MR+ MP+9 Str+6}
   (You bought it in a shop on level 2 of the Orcish Mines)

   [ring of magical power]

   It affects your strength (+6).
   It affects your resistance to hostile enchantments.
   It affects your magic capacity (+9).
 J - an uncursed ring of see invisible {SInv}
   (You found it on level 1 of the Swamp)
 O - an uncursed ring of fire {rF+ rC-}
   (You found it on level 11 of the Dungeon)
 P - the amulet of the Four Winds (around neck) {rN+ MR+++ Clar}
   (You found it on level 5 of the Lair of Beasts)

   [amulet of nothing]

   It protects you from negative energy.
   It affects your resistance to hostile enchantments.
   It protects you against confusion.
 R - the ring "Laceuror" (left hand) {rN+ Str+4 Dex+3}
   (You found it on level 6 of the Lair of Beasts)

   [ring of positive energy]

   It affects your strength (+4).
   It affects your dexterity (+3).
   It protects you from negative energy.
 Y - a +4 amulet of reflection
   (You found it on level 2 of the Swamp)
Wands
 c - a wand of clouds (8)
   (You found it on level 3 of the Snake Pit)
 d - a wand of digging (2)
   (You found it on level 4 of the Lair of Beasts)
 j - a wand of scattershot (2)
   (You found it in an ice cave)
 v - a wand of acid (11)
   (You found it in a labyrinth)
 B - a wand of paralysis (36)
   (You found it on level 6 of the Dungeon)
Scrolls
 f - 2 scrolls of fog
 o - 7 scrolls of enchant weapon
 p - 2 scrolls of holy word
 r - 7 scrolls of identify
 t - 10 scrolls of teleportation {!r}
 y - 6 scrolls of magic mapping
 A - 11 scrolls of blinking
 K - 16 scrolls of remove curse
 N - 2 scrolls of immolation
 Q - 4 scrolls of enchant armour
Potions
 g - 4 potions of lignification
 h - 2 potions of resistance {rF+ rC+}
 l - 4 potions of haste
 n - 2 potions of ambrosia
 q - 6 potions of heal wounds
 s - 4 potions of brilliance
 u - 2 potions of cancellation
 w - 6 potions of curing
 x - 5 potions of mutation
 D - 4 potions of invisibility
 E - 8 potions of might
 L - 6 potions of agility
 T - 2 potions of berserk rage
 Z - a potion of magic
Books
 C - the Catalogue of Conjuration
   (You found it on level 1 of the Elven Halls)

   Spells                             Type                      Level
   a - Magic Dart                     Conjuration                  1
   b - Throw Frost                    Conjuration/Ice              2
   c - Mephitic Cloud                 Conjuration/Poison/Air       3
   d - Throw Icicle                   Conjuration/Ice              4
   e - Bolt of Cold                   Conjuration/Ice              6
 F - a book of Enchantments
   (You found it in an ice cave)
Miscellaneous
 z - a phantom mirror
Comestibles
 e - 35 rations


You were on level 3 of the Elven Halls.
You worshipped Okawaru.
Okawaru was exalted by your worship.
You were not hungry.

You visited 7 branches of the dungeon, and saw 35 of its levels.
You visited 1 bazaar.
You also visited: Labyrinth and Ice Cave.

You collected 3712 gold pieces.
You spent 3300 gold pieces at shops.

Dungeon Overview and Level Annotations

Branches:
Dungeon (15/15)            Temple (1/1) D:7            Lair (6/6) D:8
  Swamp (4/4) Lair:4        Snake (4/4) Lair:3        Slime (0/5) Lair:6
    Orc (2/2) D:12            Elf (3/3) Orc:2        Vaults (0/5) D:13
 Depths (0/5) D:15

Altars:
Ashenzari
Cheibriados
Dithmenos
Elyvilon
Fedhas
Gozag
Hepliaklqana
Kikubaaqudgha
Makhleb
Nemelex Xobeh
Okawaru
Qazlal
Ru
Sif Muna
Trog
Uskayaw
Vehumet
Wu Jian
Xom
Yredelemnul
Zin
The Shining One
Beogh
Jiyva

Shops:
D:4 }   D:7 ?   D:12 !(   D:15 *   Orc:2 ![[=   Elf:1 *   Elf:2 *   Snake:2 *=
Snake:4 [

Annotations:
D:14 exclusion: obsidian statue
Lair:6 exclusion: 2 oklob plants


Message History

You barely miss the soul eater.
You claw the soul eater, but do no damage.
The soul eater hits you! You partially resist.
You feel drained.
You take 11 damage, and have 128/139 hp.
You now have 33/35 mp.
You hit the soul eater.
You claw the soul eater, but do no damage.
You hit the soul eater but do no damage.
You claw the soul eater.
The deep elf demonologist gestures wildly while chanting.
You hit the soul eater but do no damage.
You claw the soul eater.
The soul eater draws from the surrounding life force!
The soul eater is healed.
The deep elf demonologist hits the fungus with a long sword.
You take 7 damage, and have 121/139 hp.
You now have 31/35 mp. 2 deep elf elementalists come into view.
The deep elf elementalist shouts!
You hear a shout!
The deep elf elementalist gestures wildly while chanting.
The deep elf elementalist seems to speed up.
The deep elf elementalist points at you and mumbles some strange words.
Some walls begin to move on their own!
The Tzitzimitl calls on the powers of darkness!
Your body is wracked with pain!
The deep elf elementalist convulses!
The deep elf demonologist convulses!
The deep elf elementalist convulses!
You hear a shout! x6
There is an open door here.
You take 42 damage, and have 80/139 hp.
MASSIVE DAMAGE!!
You now have 21/35 mp.
The Tzitzimitl calls on the powers of darkness!
The deep elf elementalist convulses!
The deep elf demonologist convulses!
Your body is wracked with pain!
The deep elf elementalist convulses!
The deep elf elementalist casts a spell at you.
Some walls begin to move on their own!
You hear a shout!
You take 28 damage, and have 52/139 hp.
MASSIVE DAMAGE!!
You now have 14/35 mp.
The deep elf elementalist points at you and mumbles some strange words.
Some walls begin to move on their own!
The Tzitzimitl gestures at you.
The bolt of cold hits the earth elemental.
The earth elemental completely resists.
The bolt of cold misses you.
As you read the scroll of fog, it crumbles to dust.
The scroll dissolves into smoke.
The earth elemental hits you but does no damage.
Put on which piece of jewellery? (? for menu, Esc to quit)
You remove your +4 amulet of reflection.
The earth elemental hits you!!
* * * LOW MAGIC WARNING * * *;
* * * LOW HITPOINT WARNING * * *
P - the amulet of the Four Winds (around neck) {rN+ MR+++ Clar} You block the soul eater's attack.
The earth elemental closely misses you.
You take 18 damage, and have 35/139 hp.
You now have 9/35 mp.
You feel much better. You block the earth elemental's attack.
The soul eater draws from the surrounding life force!
* * * LOW MAGIC WARNING * * *
The soul eater is healed.
Some walls begin to move on their own!
You hear a shout! x2
You regained 24 hp, and now have 59/139 hp.
You now have 8/35 mp.
Really read
t - 11 scrolls of teleportation {!r}?
As you read the scroll of teleportation {!r}, it crumbles to dust.
You feel strangely unstable.
The earth elemental completely misses you.
You block the earth elemental's attack. You block the soul eater's attack.
The earth elemental completely misses you.
The rock shatters into small pieces.
* * * LOW MAGIC WARNING * * *
The soul eater closely misses you.
The earth elemental hits something!!
The earth elemental hits you!!
* * * LOW MAGIC WARNING * * *;
* * * LOW HITPOINT WARNING * * *
You block the earth elemental's attack.
You take 22 damage, and have 38/139 hp.
You now have 4/35 mp.
A deep elf archer comes into view. It is wielding a short sword.
The deep elf archer shouts!
The earth elemental hits you but does no damage.
Your surroundings suddenly seem different.
A deep elf sorcerer comes into view. It is wielding a long sword.
The deep elf sorcerer shouts!
A deep elf demonologist comes into view.
It is wielding a rapier.
The deep elf demonologist shouts!
A deep elf sorcerer comes into view. It is wielding a short sword.
The deep elf sorcerer shouts!
A deep elf elementalist comes into view.
It is wielding a long sword.
The deep elf elementalist shouts!
A deep elf death mage comes into view. It is wielding a dagger.
The deep elf death mage shouts!
A deep elf sorcerer comes into view. It is wielding a rapier.
The deep elf sorcerer shouts!
A deep elf high priest comes into view. It is wielding a scimitar.
The deep elf high priest shouts!
A deep elf mage comes into view. It is wielding a rapier.
The deep elf mage shouts!
You hear a shout! x3
The deep elf high priest utters an invocation to its god.
The deep elf high priest begins emitting a brilliant aura!
The deep elf elementalist is empowered by the deep elf high priest's aura!
The deep elf death mage is empowered by the deep elf high priest's aura!
The deep elf sorcerer is empowered by the deep elf high priest's aura! x2
The deep elf mage is empowered by the deep elf high priest's aura!
The deep elf sorcerer points at you and mumbles some strange words.
The sphere of damnation explodes!
The damnation engulfs you!
* * * LOW MAGIC WARNING * * *
You die...

e# ##......e.
..###...e....
...#......e.
...e.......
...../....
.........
........##
.......@.#
..........#
......e.e!e..
...#....e.....#
.. ##......e...
. ##....eee..
e.....#.%.
.....###..


You could see a deep elf blademaster, a deep elf master archer, a deep elf death
mage, 4 deep elf sorcerers, a deep elf elementalist, 2 deep elf demonologists, 2
deep elf high priests and 2 deep elf magi.

Notes
Turn   | Place    | Note
-------+----------+-------------------------------------------
     0 | D:1      | theanonym the Tengu Gladiator began the quest for the Orb.
     0 | D:1      | Reached XP level 1. HP: 12/12 MP: 2/2
   290 | D:1      | Reached XP level 2. HP: 17/17 MP: 3/3
   866 | D:2      | Found a glowing golden altar of the Shining One.
   880 | D:2      | Noticed Robin
   882 | D:2      | Reached skill level 4 in Long Blades
   940 | D:2      | HP: 9/18 [goblin[Robin] (6)]
   943 | D:2      | Reached XP level 3. HP: 8/22 MP: 4/4
   946 | D:2      | HP: 5/22 [goblin/club[Robin] (3)]
   968 | D:2      | HP: 6/33 [goblin[Robin] (3)]
   974 | D:2      | HP: 4/33 [Robin/club (2)]
   976 | D:2      | Killed Robin
   983 | D:2      | HP: 4/33 [adder (1)]
   987 | D:2      | Reached XP level 4. HP: 4/27 MP: 5/5
  1580 | D:2      | Reached skill level 3 in Fighting
  1716 | D:2      | Noticed Ijyb
  1725 | D:2      | Reached skill level 5 in Long Blades
  1753 | D:2      | Killed Ijyb
  1808 | D:2      | Gained mutation: You can fly. [Tengu growth]
  1808 | D:2      | Reached XP level 5. HP: 31/32 MP: 6/6
  2125 | D:2      | Became a worshipper of the Shining One
  2191 | D:3      | Found a shattered altar of Ashenzari.
  2225 | D:3      | Noticed Demitroll's ghost (weakling DEIE)
  2434 | D:3      | HP: 16/32 [poisoned by Demitroll's ghost]
  2437 | D:3      | HP: 7/32 [Demitroll's ghost/Freeze (5)]
  2442 | D:3      | Gained mutation: You expend magic power (3 MP) to strengthen your wands. [potion of mutation]
  2442 | D:3      | Gained mutation: You have a somewhat thin skeletal structure. (Dex +2, Stealth) [potion of mutation]
  2442 | D:3      | HP: 11/32 [poisoned by Demitroll's ghost]
  2451 | D:3      | HP: 7/32 [Demitroll's ghost/puff of frost (6)]
  2507 | D:4      | Noticed Demitroll's ghost (amateur DgWz)
  2526 | D:4      | HP: 9/32 [iguana (5)]
  2543 | D:4      | HP: 5/32 [orc/hand axe (3)]
  2544 | D:4      | The Shining One protects you from harm!
  2548 | D:3      | HP: 12/32 [iguana (4)]
  2554 | D:3      | HP: 16/32 [iguana (7)]
  2867 | D:3      | Reached skill level 6 in Long Blades
  3141 | D:3      | Reached XP level 6. HP: 33/38 MP: 5/7
  3388 | D:3      | Killed Demitroll's ghost
  3394 | D:3      | HP: 19/38 [poisoned by Demitroll's ghost]
  3399 | D:3      | HP: 15/38 [poisoned by Demitroll's ghost]
  3404 | D:3      | HP: 13/38 [poisoned by Demitroll's ghost]
  3409 | D:3      | HP: 12/38 [poisoned by Demitroll's ghost]
  3416 | D:3      | HP: 11/38 [poisoned by Demitroll's ghost]
  3424 | D:3      | HP: 9/38 [poisoned by Demitroll's ghost]
  3815 | D:4      | Found a bloodstained altar of Trog.
  3820 | D:4      | Found Myampon's Gadget Boutique.
  3968 | D:4      | Reached skill level 4 in Fighting
  3968 | D:4      | HP: 19/38 [poisoned by a worker ant]
  3973 | D:4      | HP: 14/38 [poisoned by a worker ant]
  3978 | D:4      | HP: 10/38 [poisoned by a worker ant]
  3983 | D:4      | HP: 7/38 [poisoned by a worker ant]
  3990 | D:4      | HP: 5/38 [poisoned by a worker ant]
  3997 | D:4      | HP: 4/38 [poisoned by a worker ant]
  4005 | D:4      | HP: 3/38 [poisoned by a worker ant]
  4549 | D:4      | HP: 16/38 [Demitroll's ghost/magic dart (8)]
  4554 | D:4      | HP: 8/38 [poisoned by Demitroll's ghost]
  4555 | D:4      | Killed Demitroll's ghost
  4555 | D:4      | Reached skill level 7 in Long Blades
  4555 | D:4      | Reached XP level 7. HP: 9/44 MP: 4/8
  4559 | D:4      | HP: 20/44 [poisoned by Demitroll's ghost]
  5209 | D:5      | Entered Level 5 of the Dungeon
  5418 | D:5      | Reached * piety under the Shining One
  5438 | D:5      | Reached skill level 5 in Fighting
  5455 | D:5      | Reached skill level 8 in Long Blades
  5463 | D:5      | HP: 14/44 [centaur/arrow (11)]
  5920 | D:5      | Reached XP level 8. HP: 43/49 MP: 9/9
  6073 | D:5      | Noticed Blork the orc
  6090 | D:5      | Killed Blork the orc
  6313 | D:6      | Reached skill level 9 in Long Blades
  6402 | D:6      | Noticed Sigmund
  6411 | D:6      | Killed Sigmund
  6420 | D:6      | Reached skill level 6 in Fighting
  6420 | D:6      | HP: 19/51 [orc wizard/magic dart (7)]
  6425 | D:6      | HP: 16/51 [orc (2)]
  6740 | D:6      | Reached skill level 9 in Fighting
  6740 | D:6      | Reached skill level 13 in Long Blades
  6740 | D:6      | Reached XP level 9. HP: 60/60 MP: 10/10
  6741 | D:6      | Reached skill level 10 in Fighting
  6741 | D:6      | Reached skill level 14 in Long Blades
  6741 | D:6      | Reached skill level 5 in Armour
  6741 | D:6      | Reached skill level 6 in Dodging
  6741 | D:6      | Reached XP level 10. HP: 68/68 MP: 11/11
  6998 | D:6      | Found a shadowy altar of Dithmenos.
  7003 | D:6      | Reached ** piety under the Shining One
  7037 | D:6      | Identified the +1 leather armour of Greed {rElec, 4} (You found it on level 6 of the Dungeon)
  7074 | D:6      | Found a runed door.
  7455 | D:6      | Noticed Crazy Yiuf
  7460 | D:6      | Killed Crazy Yiuf
  7896 | D:7      | Found Felemo's Magic Scroll Boutique.
  7897 | D:7      | Found a bloodstained altar of Trog.
  7976 | D:7      | Found a staircase to the Ecumenical Temple.
  8077 | D:7      | Bought a scroll of identify for 28 gold pieces
  8077 | D:7      | Bought a scroll of identify for 28 gold pieces
  8077 | D:7      | Bought a scroll of identify for 28 gold pieces
  8077 | D:7      | Bought a scroll of identify for 28 gold pieces
  8113 | D:7      | Reached XP level 11. HP: 68/73 MP: 10/12
  8307 | D:7      | Bought a scroll of remove curse for 42 gold pieces
  8382 | D:7      | Found a sacrificial altar of Ru.
  8969 | Temple   | Entered the Ecumenical Temple
  9118 | Temple   | Fell from the grace of the Shining One
  9118 | Temple   | Became a worshipper of Warmaster Okawaru
  9182 | D:8      | Reached skill level 6 in Armour
  9182 | D:8      | Reached skill level 7 in Dodging
  9221 | D:8      | Found a white marble altar of Elyvilon.
  9258 | D:8      | Found a staircase to the Lair.
  9600 | D:8      | Learned a level 3 spell: Regeneration
  9828 | D:9      | Paralysed by a hornet for 3 turns
 10117 | D:9      | Reached skill level 11 in Fighting
 10191 | D:9      | Noticed a dagger
 10192 | D:9      | Found a hazy altar of Hepliaklqana.
 10193 | D:9      | Noticed a hand axe
 10195 | D:9      | Found a hide-covered altar of Uskayaw.
 10225 | D:10     | Entered Level 10 of the Dungeon
 10248 | D:10     | Noticed a two-headed ogre
 10269 | D:9      | Reached * piety under Okawaru
 10462 | D:10     | Noticed Nergalle
 10932 | D:10     | Killed a two-headed ogre
 10932 | D:10     | Reached skill level 7 in Armour
 10932 | D:10     | Reached skill level 8 in Dodging
 11072 | D:10     | Learned a level 2 spell: Blink
 11178 | D:10     | Killed Nergalle
 11178 | D:10     | Reached ** piety under Okawaru
 11253 | D:10     | Noticed Erolcha
 11265 | D:10     | Killed Erolcha
 11406 | D:11     | Reached *** piety under Okawaru
 11413 | D:11     | Reached skill level 1 in Invocations
 11734 | D:11     | Noticed a red ugly thing
 11745 | D:11     | Reached XP level 12. HP: 66/80 MP: 11/14
 11756 | D:11     | HP: 36/80 [yak (6)]
 11759 | D:11     | HP: 15/80 [yak (11)]
 12079 | D:11     | Reached skill level 8 in Armour
 12079 | D:11     | Reached skill level 2 in Invocations
 12085 | D:11     | Found an iron altar of Okawaru.
 12105 | D:11     | Reached **** piety under Okawaru
 12118 | D:11     | Noticed a seven-headed hydra
 12224 | D:10     | Reached skill level 9 in Dodging
 12521 | D:5      | Got a smoking hunting sling
 12522 | D:5      | Identified the +7 hunting sling of Defiance {flame, Stlth+} (You found it on level 5 of the Dungeon)
 12613 | Lair:1   | Entered Level 1 of the Lair of Beasts
 12798 | Lair:1   | Reached skill level 1 in Shields
 13595 | Lair:2   | Noticed Urug
 13625 | Lair:2   | Reached skill level 2 in Shields
 13642 | Lair:2   | Found a labyrinth entrance.
 13651 | Lab      | Entered a labyrinth
 14067 | Lab      | Noticed a minotaur
 14080 | Lab      | HP: 40/81 [minotaur/short sword of holy wrath (17)]
 14087 | Lab      | Killed a minotaur
 14087 | Lab      | Received a gift from Okawaru
 14087 | Lab      | Reached skill level 12 in Fighting
 14087 | Lab      | Reached skill level 3 in Shields
 14090 | Lab      | Got an ancient shield
 14091 | Lab      | Identified the +2 shield of the Great Game {MR+ Str+3 Stlth+} (You took it off a minotaur in a labyrinth)
 14111 | Lab      | Learned a level 3 spell: Spectral Weapon
 14344 | Lair:2   | Noticed DEFE's ghost (journeyman DEAM)
 14393 | Lair:2   | Killed DEFE's ghost
 14509 | Lair:2   | Reached skill level 4 in Shields
 14749 | Lair:2   | Killed Urug
 15291 | Lair:3   | Reached skill level 5 in Shields
 15309 | Lair:3   | Reached ***** piety under Okawaru
 15309 | Lair:3   | Reached skill level 9 in Armour
 15473 | Lair:3   | Found a staircase to the Snake Pit.
 15567 | Lair:3   | Reached XP level 13. HP: 78/87 MP: 13/16
 15747 | Lair:3   | Reached skill level 3 in Invocations
 15846 | Lair:3   | Noticed Fannar
 15862 | Lair:3   | Killed Fannar
 16280 | Lair:4   | Received a gift from Okawaru
 16280 | Lair:4   | Reached skill level 6 in Shields
 16475 | Lair:4   | Reached skill level 4 in Invocations
 16522 | Lair:4   | Reached skill level 10 in Dodging
 17286 | Lair:4   | Found a staircase to the Swamp.
 17762 | Lair:5   | Reached skill level 7 in Shields
 17966 | Lair:5   | Received a gift from Okawaru
 18001 | Lair:5   | HP: 42/87 [poisoned by a black mamba]
 18006 | Lair:4   | HP: 31/87 [poisoned by a black mamba]
 18011 | Lair:4   | HP: 24/87 [poisoned by a black mamba]
 18016 | Lair:4   | HP: 19/87 [poisoned by a black mamba]
 18021 | Lair:4   | HP: 16/87 [poisoned by a black mamba]
 18026 | Lair:4   | HP: 14/87 [poisoned by a black mamba]
 18031 | Lair:4   | HP: 14/87 [poisoned by a black mamba]
 18038 | Lair:4   | HP: 13/87 [poisoned by a black mamba]
 18046 | Lair:4   | HP: 13/87 [poisoned by a black mamba]
 18390 | Lair:5   | Noticed Kirke
 18414 | Lair:5   | Killed Kirke
 18414 | Lair:5   | Reached skill level 13 in Fighting
 18681 | Lair:5   | Found the amulet of the Four Winds {rN+ MR+++ Clar}
 18838 | Lair:5   | Reached skill level 10 in Armour
 18890 | Lair:5   | Received a gift from Okawaru
 19170 | Lair:5   | Reached skill level 8 in Shields
 19192 | Lair:5   | HP: 34/88 [meliai/divine providence (15)]
 19197 | Lair:5   | HP: 32/88 [poisoned by a killer bee]
 19203 | Lair:5   | HP: 30/88 [poisoned by a killer bee]
 19210 | Lair:5   | HP: 29/88 [poisoned by a killer bee]
 19215 | Lair:5   | HP: 25/88 [killer bee (4)]
 19220 | Lair:5   | HP: 22/88 [poisoned by a killer bee]
 19225 | Lair:5   | HP: 20/88 [poisoned by a killer bee]
 19230 | Lair:5   | HP: 19/88 [poisoned by a killer bee]
 19236 | Lair:5   | HP: 18/88 [poisoned by a killer bee]
 19241 | Lair:5   | HP: 18/88 [poisoned by a killer bee]
 19249 | Lair:5   | HP: 18/88 [poisoned by a killer bee]
 19408 | Lair:5   | HP: 44/88 [poisoned by a queen bee]
 19413 | Lair:5   | HP: 39/88 [poisoned by a queen bee]
 19418 | Lair:5   | HP: 36/88 [poisoned by a queen bee]
 19423 | Lair:5   | HP: 34/88 [poisoned by a queen bee]
 19429 | Lair:5   | HP: 33/88 [poisoned by a queen bee]
 19436 | Lair:5   | HP: 32/88 [poisoned by a queen bee]
 19444 | Lair:5   | HP: 32/88 [poisoned by a queen bee]
 19734 | Lair:5   | Gained mutation: You can fly continuously. [Tengu growth]
 19734 | Lair:5   | Reached XP level 14. HP: 94/94 MP: 13/18
 20175 | Lair:6   | Entered Level 6 of the Lair of Beasts
 20475 | Lair:6   | Reached skill level 9 in Shields
 20975 | Lair:6   | Received a gift from Okawaru
 21036 | Lair:6   | Reached skill level 14 in Fighting
 21486 | Lair:6   | Received a gift from Okawaru
 21719 | Lair:6   | Found a viscous altar of Jiyva.
 21719 | Lair:6   | Found a staircase to the Slime Pits.
 21750 | Lair:6   | Reached skill level 10 in Shields
 21753 | Lair:6   | Reached skill level 11 in Armour
 21860 | Lair:6   | HP: 31/96 [tyrant leech (23)]
 22142 | Lair:6   | Got a slimy glass ring
 22177 | Lair:6   | Identified the ring "Laceuror" {rN+ Str+4 Dex+3} (You found it on level 6 of the Lair of Beasts)
 22649 | Lair:6   | Got a scintillating wooden ring
 22721 | Lair:6   | Identified the ring of Taaxtobi {-Tele MR++ Int+5 SInv} (You found it on level 6 of the Lair of Beasts)
 23750 | D:12     | Found Naobi's Distillery.
 23755 | D:12     | Bought 2 potions of curing for 102 gold pieces
 23755 | D:12     | Bought a potion of curing for 51 gold pieces
 23802 | D:12     | Found Efufeal's Weapon Shop.
 23802 | D:12     | Found a staircase to the Orcish Mines.
 24766 | Orc:1    | Entered Level 1 of the Orcish Mines
 24774 | Orc:1    | Noticed a stone giant
 24789 | Orc:1    | Killed a stone giant
 25029 | Orc:2    | Entered Level 2 of the Orcish Mines
 25169 | Orc:2    | Reached XP level 15. HP: 97/101 MP: 19/19
 25223 | Orc:1    | Noticed happinesssam's ghost (journeyman DgSk)
 25586 | Orc:2    | Noticed Nessos
 25602 | Orc:2    | Killed Nessos
 25766 | Orc:2    | Received a gift from Okawaru
 25785 | Orc:1    | HP: 45/101 [stone giant (21)]
 25790 | Orc:1    | HP: 35/101 [poisoned by a gnoll sergeant]
 25796 | Orc:1    | HP: 30/101 [poisoned by a gnoll sergeant]
 25801 | Orc:1    | HP: 27/101 [poisoned by a gnoll sergeant]
 25807 | Orc:2    | HP: 25/101 [poisoned by a gnoll sergeant]
 25813 | Orc:2    | HP: 25/101 [poisoned by a gnoll sergeant]
 25821 | Orc:2    | HP: 25/101 [poisoned by a gnoll sergeant]
 26121 | Orc:1    | Reached skill level 15 in Fighting
 26146 | Orc:1    | Killed happinesssam's ghost
 26659 | Orc:2    | Noticed an orc warlord
 26673 | Orc:2    | Killed an orc warlord
 26925 | Orc:2    | Received a gift from Okawaru
 26925 | Orc:2    | Reached skill level 11 in Shields
 27039 | Orc:2    | Found a staircase to the Elven Halls.
 27133 | Orc:2    | Noticed an orc warlord
 27176 | Orc:2    | Killed an orc warlord
 27176 | Orc:2    | Reached skill level 12 in Armour
 27272 | Orc:2    | Found a roughly hewn altar of Beogh.
 27301 | Orc:2    | Found Retzub's Jewellery Boutique.
 27742 | Orc:2    | Found Jefet's Antique Armour Shop.
 27800 | Orc:2    | Bought a pair of runed gloves for 277 gold pieces
 27849 | Orc:2    | HP: 39/103 [orc priest/divine providence (15)]
 27855 | Orc:2    | HP: 19/103 [orc priest/divine providence (11)]
 28274 | Orc:2    | Found Jeonir's Distillery.
 28301 | Orc:2    | Bought a potion of haste for 140 gold pieces
 28301 | Orc:2    | Bought a potion of haste for 140 gold pieces
 28301 | Orc:2    | Bought a potion of might for 56 gold pieces
 28538 | Orc:2    | Found a roughly hewn altar of Beogh.
 28584 | Orc:2    | Received a gift from Okawaru
 28585 | Orc:2    | Got a brightly glowing hat {god gift}
 28596 | Orc:2    | Identified the +0 hat of Dogma {god gift, rCorr} (Okawaru gifted it to you on level 2 of the Orcish Mines)
 28750 | Orc:2    | Found Gusuh's Armour Shop.
 28751 | Orc:2    | Noticed an orc warlord
 28772 | Orc:2    | HP: 28/103 [orc warlord/long sword of holy wrath (39)]
 28794 | Orc:2    | Killed an orc warlord
 29274 | Orc:2    | Bought the ring of Zaygy {MR+ MP+9 Str+6} for 632 gold pieces
 29669 | D:13     | theanonym: !lg . killer=~slime
 29669 | D:13     | beem: 2. theanonym the Severer (L15 FoFi of Okawaru), mangled by an enormous slime creature on D:12 on 2017-12-03 04:14:07, with 67361 points after 18285 turns and 0:44:47.
 29669 | D:13     | theanonym: !lg . killer=~slime -2
 29669 | D:13     | beem: 1/2. theanonym the Warrior (L17 MiBe of Trog), annihilated by a titanic slime creature on Swamp:4 (swamp_vile) on 2017-10-09 11:01:28, with 153714 points after 31997 turns and 2:23:30.
 30171 | Swamp:1  | Entered Level 1 of the Swamp
 30895 | Swamp:1  | HP: 51/104 [poison (poison gas)]
 31177 | Swamp:2  | HP: 52/104 [poisoned by a swamp dragon (poison gas)]
 31182 | Swamp:1  | HP: 28/104 [something (1)]
 31185 | Swamp:1  | HP: 13/104 [poison (poison gas)]
 31190 | Swamp:1  | HP: 9/104 [poison (poison gas)]
 31196 | Swamp:1  | HP: 7/104 [poison (poison gas)]
 31203 | Swamp:1  | HP: 6/104 [poison (poison gas)]
 31210 | Swamp:1  | HP: 6/104 [poison (poison gas)]
 31218 | Swamp:1  | HP: 6/104 [poison (poison gas)]
 31607 | Swamp:1  | Paralysed by a hornet for 2 turns
 31613 | Swamp:1  | Reached skill level 12 in Shields
 31844 | Swamp:2  | Got a transparent silver amulet
 31845 | Swamp:2  | Identified the amulet of Ruxav {+Rage Str+3} (You found it on level 2 of the Swamp)
 31862 | Swamp:2  | Reached XP level 16. HP: 107/110 MP: 20/20
 32583 | Swamp:3  | Noticed a thorn hunter
 32606 | Swamp:3  | HP: 52/110 [thorn hunter/volley of thorns (35)]
 32608 | Swamp:3  | Found a frozen archway.
 32612 | Swamp:3  | HP: 46/110 [thorn hunter (7)]
 32615 | Swamp:3  | Killed a thorn hunter
 32868 | IceCv    | Entered an ice cave
 34017 | IceCv    | Reached skill level 16 in Fighting
 34136 | IceCv    | Received a gift from Okawaru
 34173 | IceCv    | HP: 48/110 [blizzard demon/bolt of lightning (28)]
 34189 | IceCv    | HP: 54/110 [something] (2)]
 34534 | Swamp:3  | Learned a level 6 spell: Deflect Missiles
 34708 | Swamp:3  | Reached skill level 13 in Shields
 34771 | Swamp:3  | Noticed Bai Suzhen
 34784 | Swamp:3  | Killed Bai Suzhen
 34784 | Swamp:3  | Reached skill level 5 in Invocations
 34821 | Swamp:3  | Received a gift from Okawaru
 34894 | Swamp:3  | Noticed Louise
 34914 | Swamp:3  | Killed Louise
 35415 | Swamp:4  | Entered Level 4 of the Swamp
 35477 | Swamp:4  | HP: 54/111 [bog body] (24)]
 35986 | Swamp:4  | Reached skill level 6 in Invocations
 36134 | Swamp:4  | Reached skill level 14 in Shields
 36331 | Swamp:4  | Reached XP level 17. HP: 98/116 MP: 22/22
 36463 | Swamp:4  | Noticed Nikola
 36486 | Swamp:4  | HP: 54/116 [Nikola/chain lightning (11)]
 36487 | Swamp:4  | Killed Nikola
 36598 | Swamp:3  | Identified the +0 ring mail of Restlessness {rC+ Stlth+, 7} (You found it on level 3 of the Swamp)
 37023 | Swamp:4  | Got a decaying rune of Zot
 37517 | Snake:1  | Entered Level 1 of the Snake Pit
 37697 | Snake:1  | Received a gift from Okawaru
 37697 | Snake:1  | Reached skill level 7 in Invocations
 37837 | Snake:1  | Received a gift from Okawaru
 37855 | Snake:1  | Reached skill level 13 in Armour
 37925 | Snake:1  | Got a pair of steaming gloves {god gift}
 37936 | Snake:1  | Identified the +0 pair of gloves of Bidugey {god gift, rPois MR+ Str-5 Int+4} (Okawaru gifted it to you on level 1 of the Snake Pit)
 38429 | Snake:1  | Found a shimmering altar of Xom.
 38903 | Snake:2  | Reached skill level 11 in Dodging
 38923 | Snake:2  | HP: 53/116 [naga warrior/long sword (12)]
 39162 | Snake:2  | Reached skill level 15 in Shields
 39197 | Snake:2  | Identified a scroll of acquirement
 39290 | Snake:2  | Found Guotury's General Store.
 39295 | Snake:2  | Found Aluymaihae's Jewellery Emporium.
 39439 | Snake:2  | Reached skill level 17 in Fighting
 40036 | Snake:3  | Received a gift from Okawaru
 40690 | Snake:3  | Noticed Aizul
 40966 | Snake:3  | Reached skill level 14 in Armour
 41010 | Snake:3  | Reached XP level 18. HP: 108/124 MP: 24/24
 41374 | Snake:3  | HP: 59/124 [Aizul/bolt of poison (12)]
 41384 | Snake:3  | Killed Aizul
 41902 | Snake:4  | Entered Level 4 of the Snake Pit
 42102 | Snake:4  | Reached skill level 12 in Dodging
 42230 | Snake:4  | Noticed Mara
 42536 | Snake:4  | Noticed theanonym's illusion
 42631 | Snake:4  | Noticed theanonym's illusion
 42746 | Snake:4  | Killed Mara
 43231 | Snake:4  | Reached skill level 15 in Armour
 43237 | Snake:4  | Found Uked's Armour Shop.
 43570 | Snake:4  | Received a gift from Okawaru
 43906 | Snake:4  | Noticed Vashnia
 44119 | Snake:3  | HP: 57/124 [poisoned by a naga sharpshooter (splash of poison)]
 44124 | Snake:3  | HP: 44/124 [poisoned by a naga sharpshooter (splash of poison)]
 44129 | Snake:3  | HP: 34/124 [poisoned by a naga sharpshooter (splash of poison)]
 44134 | Snake:3  | HP: 29/124 [poisoned by a naga sharpshooter (splash of poison)]
 44140 | Snake:3  | HP: 25/124 [poisoned by a naga sharpshooter (splash of poison)]
 44145 | Snake:3  | HP: 22/124 [poisoned by a naga sharpshooter (splash of poison)]
 44151 | Snake:3  | HP: 21/124 [poisoned by a naga sharpshooter (splash of poison)]
 44157 | Snake:3  | HP: 21/124 [poisoned by a naga sharpshooter (splash of poison)]
 44165 | Snake:3  | HP: 21/124 [poisoned by a naga sharpshooter (splash of poison)]
 44545 | Snake:3  | Killed Vashnia
 44559 | Snake:4  | Reached skill level 16 in Armour
 44560 | Snake:4  | HP: 62/124 [naga ritualist/Olgreb's Toxic Radiance (3)]
 44565 | Snake:4  | HP: 56/124 [poisoned by a naga ritualist (toxic radiance)]
 44572 | Snake:4  | HP: 54/124 [poisoned by a naga ritualist (toxic radiance)]
 44577 | Snake:3  | HP: 51/124 [poisoned by a naga ritualist (toxic radiance)]
 44583 | Snake:3  | HP: 50/124 [poisoned by a naga ritualist (toxic radiance)]
 44588 | Snake:3  | HP: 48/124 [poisoned by a naga ritualist (toxic radiance)]
 44594 | Snake:3  | HP: 47/124 [poisoned by a naga ritualist (toxic radiance)]
 44602 | Snake:3  | HP: 47/124 [poisoned by a naga ritualist (toxic radiance)]
 44610 | Snake:3  | HP: 48/124 [poisoned by a naga ritualist (toxic radiance)]
 44908 | Snake:4  | Reached skill level 18 in Fighting
 44927 | Snake:4  | HP: 56/125 [naga sharpshooter/arrow (12)]
 44932 | Snake:3  | HP: 50/125 [poisoned by a naga sharpshooter (splash of poison)]
 44939 | Snake:3  | HP: 48/125 [poisoned by a naga sharpshooter (splash of poison)]
 44944 | Snake:3  | HP: 48/125 [poisoned by a naga sharpshooter (splash of poison)]
 44951 | Snake:3  | HP: 48/125 [poisoned by a naga sharpshooter (splash of poison)]
 44959 | Snake:3  | HP: 48/125 [poisoned by a naga sharpshooter (splash of poison)]
 45242 | Snake:4  | Reached XP level 19. HP: 114/130 MP: 25/25
 45438 | Snake:4  | Got a serpentine rune of Zot
 46030 | D:13     | Found a gateway to a bazaar.
 46139 | Bazaar   | Entered a bazaar
 46141 | Bazaar   | Found Cimop's Weapon Boutique.
 46141 | Bazaar   | Found Iclamat's Jewellery Boutique.
 46166 | Bazaar   | Found Maiz's Magic Scroll Shop.
 46174 | Bazaar   | Bought a scroll of enchant weapon for 82 gold pieces
 46174 | Bazaar   | Bought a scroll of blinking for 82 gold pieces
 46175 | Bazaar   | Bought a scroll of magic mapping for 38 gold pieces
 46175 | Bazaar   | Bought a scroll of magic mapping for 38 gold pieces
 46216 | Bazaar   | Found Sipuunyr's Magic Scroll Boutique.
 46224 | Bazaar   | Bought a scroll of blinking for 97 gold pieces
 46224 | Bazaar   | Bought a scroll of brand weapon for 260 gold pieces
 46225 | Bazaar   | Bought a scroll of enchant weapon for 97 gold pieces
 46247 | Bazaar   | Bought a scroll of fear for 45 gold pieces
 46329 | D:13     | Found a gate to the Vaults.
 46549 | D:14     | Reached skill level 17 in Armour
 46734 | D:14     | Found a glowing golden altar of the Shining One.
 47150 | D:14     | Got a pitted scimitar
 47151 | D:14     | Identified the +2 scimitar "Ibaduzyati" {freeze, +Blink rElec} (You acquired it on level 14 of the Dungeon)
 47200 | D:14     | Identified Sif Muna's Guide on the Captivating Snowflakes
 47267 | D:14     | Learned a level 4 spell: Cause Fear
 47633 | D:15     | Entered Level 15 of the Dungeon
 47633 | D:15     | Noticed Roxanne
 47664 | D:15     | Killed Roxanne
 47733 | D:15     | Identified Roxanne's Guide on Transmigration (You took it off Roxanne on level 15 of the Dungeon)
 48103 | D:15     | Found Xaheiff's Assorted Antiques.
 48158 | D:15     | Noticed Josephine
 48176 | D:15     | Received a gift from Okawaru
 48187 | D:15     | Killed Josephine
 48226 | D:15     | Noticed Agnes
 48248 | D:15     | Killed Agnes
 48289 | D:15     | Bought a glass ring for 145 gold pieces
 48289 | D:15     | Bought a wand of clouds (4) for 348 gold pieces
 48608 | D:15     | Reached skill level 18 in Armour
 48733 | D:15     | Found a staircase to the Depths.
 49050 | Elf:1    | Entered Level 1 of the Elven Halls
 49244 | Elf:1    | Got a twitching pewter ring
 49245 | Elf:1    | Identified the ring "Sayshress" {rPois Int+2} (You found it on level 1 of the Elven Halls)
 49400 | Elf:1    | HP: 51/132 [deep elf annihilator/poison arrow (16)]
 49406 | Elf:1    | HP: 26/132 [poisoned by a deep elf annihilator (poison arrow)]
 49411 | Elf:1    | HP: 48/132 [poisoned by a deep elf annihilator (poison arrow)]
 49416 | Elf:1    | HP: 44/132 [poisoned by a deep elf annihilator (poison arrow)]
 49421 | Elf:1    | HP: 42/132 [poisoned by a deep elf annihilator (poison arrow)]
 49427 | Elf:1    | HP: 41/132 [poisoned by a deep elf annihilator (poison arrow)]
 49434 | Elf:1    | HP: 40/132 [poisoned by a deep elf annihilator (poison arrow)]
 49441 | Elf:1    | HP: 40/132 [poisoned by a deep elf annihilator (poison arrow)]
 49449 | Elf:1    | HP: 40/132 [poisoned by a deep elf annihilator (poison arrow)]
 49781 | Elf:1    | Identified the Catalogue of Conjuration
 49877 | Elf:1    | Found Atetooczi's Assorted Antiques.
 49881 | Elf:1    | Bought a pair of dazzling gloves for 361 gold pieces
 49881 | Elf:1    | Identified the +1 pair of gloves of Feschebry {MR+} (You bought it in a shop on level 1 of the Elven Halls)
 50120 | Elf:2    | Reached XP level 20. HP: 137/137 MP: 26/26
 50292 | Elf:2    | Reached skill level 19 in Fighting
 50464 | Elf:2    | Reached skill level 19 in Armour
 50527 | Elf:2    | Found Sevvaezabb's Assorted Antiques.
 50530 | Elf:2    | Bought a warped steel amulet for 155 gold pieces
 50530 | Elf:2    | Identified the amulet "Jajuqut" {Harm *Drain rPois Int+3 SInv} (You bought it in a shop on level 2 of the Elven Halls)
 50648 | Elf:2    | Noticed Asterion
 50659 | Elf:2    | Killed Asterion
 50807 | Elf:2    | Reached ****** piety under Okawaru
 50918 | Elf:2    | Found a huge runed gate.
 50918 | Elf:2    | Found a huge runed gate.
 50918 | Elf:2    | Found a huge runed gate.
 50919 | Elf:2    | Found a huge runed gate.
 50920 | Elf:2    | Found a huge runed gate.
 51124 | Elf:2    | Received a gift from Okawaru
 51214 | Elf:2    | Noticed Jorgrun
 51237 | Elf:2    | Killed Jorgrun
 51499 | Elf:3    | Entered Level 3 of the Elven Halls
 51545 | Elf:3    | Noticed a Tzitzimitl
 51552 | Elf:3    | HP: 52/139 [???[a deep elf demonologist] (28)]
 51557 | Elf:3    | HP: 59/139 [soul eater/drain life[a deep elf demonologist] (2)]
 51561 | Elf:3    | Killed from afar by a deep elf sorcerer

Vanquished Creatures
  Vashnia (Snake:3)
  Bai Suzhen (Swamp:3)
  Nikola (Swamp:4)
  Jorgrun (Elf:2)
  Asterion (Elf:2)
  A thorn hunter (Swamp:3)
  Agnes (D:15)
  Roxanne (D:15)
  Kirke (Lair:5)
  9 nagarajas
  A deep elf sorcerer (Elf:2)
  Aizul (Snake:3)
  Louise (Swamp:3)
  3 orc warlords (Orc:2)
  2 stone giants (Orc:1)
  Nessos (Orc:2)
  A deep elf demonologist (Elf:2)
  The ghost of happinesssam the Spear-Bearer, a journeyman DgSk (Orc:1)
  A deep elf annihilator (Elf:1)
  A deep elf death mage (Elf:1)
  2 blizzard demons (IceCv)
  A minotaur (Lab)
  Josephine (D:15)
  An ice dragon (D:15)
  Erolcha (D:10)
  A fire dragon (D:15)
  Fannar (Lair:3)
  14 hydras
  8 vault guards (D:13)
  8 naga warriors
  The ghost of DEFE the Archer, a journeyman DEAM of Okawaru (Lair:2)
  11 anacondas
  2 ghost crabs
  2 centaur warriors
  An ogre mage (D:15)
  2 alligators
  8 two-headed ogres
  6 death yaks (Lair:6)
  23 naga sharpshooters
  4 tengu warriors
  17 dancing weapons
  Urug (Lair:2)
  5 orc high priests
  11 spriggans
  10 deep elf knights
  7 shock serpents
  Nergalle (D:10)
  3 skeletal warriors (D:15)
  A salamander mystic (Snake:2)
  4 spriggan druids
  11 swamp dragons
  An unseen horror (D:10)
  10 naga ritualists
  13 deep elf archers
  3 shambling mangroves
  3 lindwurms (Swamp:4)
  5 orc knights
  A wolf spider zombie (D:15)
  12 mana vipers
  13 ugly things
  5 salamanders
  3 orc sorcerers (Orc:2)
  4 centaur zombies
  47 deep elf magi
  An ice statue (IceCv)
  A manticore (D:15)
  40 black mambas
  3 guardian serpents
  10 elephants
  26 naga magi
  A gargoyle (D:15)
  3 freezing wraiths
  25 spiny frogs
  2 efreet
  4 rime drakes
  3 kobold demonologists
  3 anaconda simulacra (IceCv)
  4 ice devils (IceCv)
  6 komodo dragons
  A yaktaur (shapeshifter) (Elf:2)
  A golden dragon simulacrum (IceCv)
  2 queen bees
  2 tengu conjurers
  6 meliai
  11 tyrant leeches
  14 hornets
  7 trolls
  5 bog bodies
  A wolf spider simulacrum (IceCv)
  A harpy skeleton (D:15)
  7 slime creatures
  A polar bear (Lair:4)
  18 blink frogs
  A meliai zombie (D:14)
  7 hippogriffs
  A shadow (D:15)
  3 water elementals
  6 wyverns
  3 air elementals
  Sigmund (D:6)
  3 dire elephant simulacra (IceCv)
  35 yaks
  2 basilisks
  4 wraiths (D:15)
  A vampire (D:13)
  A fire elemental (Elf:1)
  A human (D:7)
  The ghost of Demitroll the Magician, an amateur DgWz (D:4)
  6 hogs
  2 death yak simulacra (IceCv)
  A hungry ghost (D:10)
  19 vampire mosquitoes
  7 wargs
  A naga (shapeshifter) (Elf:1)
  3 iron troll simulacra (IceCv)
  5 insubstantial wisps (Swamp:3)
  53 nagas
  2 acid dragons (D:11)
  2 harpy simulacra (IceCv)
  17 swamp worms
  A hydra simulacrum (IceCv)
  11 porcupines
  44 orc warriors
  7 water moccasins
  2 alligator simulacra (IceCv)
  5 ice beasts
  8 swamp drakes
  A hornet zombie (D:14)
  2 ettin simulacra (IceCv)
  2 black bears
  2 sky beasts
  An eye of draining (D:15)
  18 ogres
  2 phantoms (D:10)
  3 boggarts (D:15)
  18 centaurs
  4 wolves (Lair:5)
  4 big kobolds
  Blork the orc (D:5)
  12 crocodiles
  31 bullfrogs
  A gnoll sergeant (Orc:1)
  An earth elemental (Elf:1)
  4 scorpions
  An elephant simulacrum (IceCv)
  57 killer bees
  2 howler monkeys
  8 wights
  4 electric eels
  The ghost of Demitroll the Chiller, a weakling DEIE (D:3)
  5 crimson imps
  3 bullfrog skeletons
  2 draconian simulacra (IceCv)
  4 jellies
  Crazy Yiuf (D:6)
  31 orc priests
  4 hounds
  3 iguanas
  34 orc wizards
  6 centaur skeletons
  Ijyb (D:2)
  A spriggan simulacrum (IceCv)
  15 worker ants
  2 troll simulacra (IceCv)
  A centaur simulacrum (IceCv)
  A hound zombie (D:6)
  2 hound skeletons
  Robin (D:2)
  5 gnolls (Orc:1)
  A howler monkey skeleton (D:10)
  14 adders
  7 ogre simulacra (IceCv)
  2 naga simulacra (IceCv)
  2 shadow imps
  3 white imps (IceCv)
  11 ufetubi (IceCv)
  An adder skeleton (D:6)
  7 worms
  2 dart slugs
  5 leopard geckos
  109 orcs
  8 giant cockroaches
  23 goblins
  5 hobgoblins
  7 jackals
  7 quokkas
  A ball python (D:1)
  5 bats
  A frilled lizard (D:3)
  7 kobolds
  2 leopard gecko zombies
  2 rats
1329 creatures vanquished.

Vanquished Creatures (collateral kills)
  A killer bee (Lair:5)
  A hell rat (Lair:5)
2 creatures vanquished.

Vanquished Creatures (others)
  Mara (Snake:4)
  5 naga sharpshooters
  A shambling mangrove (Swamp:2)
  A naga mage (Snake:4)
  A bog body (Swamp:4)
  A spriggan (Swamp:2)
  A centaur (D:14)
  4 killer bees (Lair:5)
  An ufetubus (IceCv)
  A bush (Lair:6)
  12 fungi
  38 plants (Lair:6)
67 creatures vanquished.

Grand Total: 1398 creatures vanquished

Table legend:
 A = Turns spent in this place as a percentage of turns spent in the entire game.
 B = Non-inter-level travel turns spent in this place as a percentage of non-inter-level travel turns spent in the entire game.
 C = Inter-level travel turns spent in this place as a percentage of turns spent in this place.
 D = Turns resting spent in this place as a percentage of non-inter-level travel turns spent in this place.
 E = Turns spent auto-exploring this place as a percentage of non-inter-level travel turns spent in this place.
 F = Non-inter-level travel turns spent in this place divided by the number of levels of this place that you've seen.
                   A       B       C       D       E      F
               +-------+-------+-------+-------+-------+----------------------
         Total | 100.0 | 100.0 |   5.5 |  37.4 |  41.3 | 1282.8
       Dungeon |  35.0 |  33.8 |   8.7 |  29.8 |  51.1 | 1097.9
        Temple |   0.3 |   0.3 |  17.7 |   0.0 |  97.8 | 135.0
          Lair |  19.1 |  19.2 |   5.3 |  41.5 |  40.6 | 1556.8
         Swamp |  11.0 |  11.2 |   3.4 |  46.2 |  35.8 | 1368.8
     Snake Pit |  15.8 |  16.3 |   2.5 |  41.6 |  33.9 | 1987.2
  Orcish Mines |   9.1 |   9.1 |   6.1 |  46.2 |  32.1 | 2209.5
   Elven Halls |   4.9 |   5.1 |   0.4 |  17.9 |  49.6 | 833.7
     Labyrinth |   1.3 |   1.4 |   0.0 |  31.8 |   0.0 | 691.0
        Bazaar |   0.2 |   0.3 |   0.0 |   0.0 |  76.2 | 126.0
      Ice Cave |   3.2 |   3.4 |   0.0 |  55.9 |  22.4 | 1641.0
               +-------+-------+-------+-------+-------+----------------------
